 Dungeon Crawl Stone Soup version 0.19-a0-1127-gac58878 (webtiles) character file.

17 JustSomeDude the Skirmisher (level 2, -1/25 HPs)
             Began as a Formicid Monk on Aug 12, 2016.
             Killed by divine providence
             ... invoked by an orc priest
              (13 damage)
             ... on level 8 of the Dungeon.
             The game lasted 00:04:19 (777 turns).

JustSomeDude the Skirmisher (Formicid Monk)          Turns: 777, Time: 00:04:22

Health: -1/25      AC:  5    Str: 15    XL:     2   Next: 80%
Magic:  2/2        EV: 12    Int:  9    God:
Gold:   0          SH:  0    Dex: 13    Spells: 0 memorised, 1 level left

rFire  . . .     SeeInvis +     a - +0 spear
rCold  . . .     Gourm    .     i - +0 ring mail
rNeg   . . .     Faith    .     (no shield)
rPois  .         Spirit   .     (helmet unavailable)
rElec  .         Dismiss  .     (no cloak)
rCorr  .         Reflect  .     (no gloves)
SustAt .         Harm     .     (no boots)
MR     .....                    (no amulet)
Stlth  +.........               (no ring)
                                (no ring)

@:
A: permanent stasis, dig shafts and tunnels, four strong arms, antennae 3
a: Dig, Shaft Self


You were on level 8 of the Dungeon.
You were not hungry.

You visited 1 branch of the dungeon, and saw 8 of its levels.

Inventory:

Hand Weapons
 a - a +0 spear (weapon)
Armour
 b - a +0 robe
 i - a +0 ring mail (worn)
Jewellery
 f - a +3 ring of intelligence {unknown}
 l - an uncursed ring of protection from magic {unknown}
Scrolls
 e - a scroll of enchant weapon {unknown}
 g - a scroll of random uselessness {unknown}
 h - a scroll of recharging {unknown}
 k - a scroll of fog {unknown}
 m - a scroll of enchant armour {unknown}
Potions
 j - 2 potions of lignification
Comestibles
 c - a bread ration


   Skills:
 + Level 3.7 Fighting
 + Level 3.2 Polearms
 + Level 3.0 Dodging
 + Level 2.4 Stealth


You had one spell level left.
You didn't know any spells.

Dungeon Overview and Level Annotations

Branches:
Dungeon (9/15)
 Temple: D:4-7         Lair: D:8-11         Orc: D:9-12

Altars:

Shops:
D:4 (

Annotations:
D:5 Blork the orc


Innate Abilities, Weirdness & Mutations

You are under a permanent stasis effect.
You can dig through walls and to a lower floor.
Your four strong arms can wield two-handed weapons with a shield.
You have a pair of large antennae on your head. (SInv)


Message History

An eye of draining comes into view.
The orc wizard shouts!
The eye of draining turns its gaze towards you.
An orc comes into view.
The orc wizard mumbles some strange words.
The orc wizard blinks!
Found 20 poisoned needles.
Found a stone staircase leading up.
You open the door.
Found 14 gold pieces.
Found a potion of lignification.
There is a stone staircase leading up here.
You climb upwards.
The orc wizard shouts!
The orc shouts!
A sky beast, 2 orcs and an orc priest come into view.
The orc priest shouts!
The orc shouts! x2
The orc priest calls down the wrath of Beogh upon you.
Beogh smites you!
Ouch! That really hurt!
You die...

###############
.......@..o..o.
##.##..o.......
#..oY..o...
#..........
...........
####+#####.< #


You could see a sky beast, an orc priest, an orc wizard and 3 orcs.

Vanquished Creatures
  A goblin (D:1)
  4 hobgoblins
  A kobold (D:3)
  2 quokkas
  3 bats (D:1)
  A giant newt (D:3)
  3 rats (D:1)
15 creatures vanquished.

Notes
Turn   | Place    | Note
-------+----------+-------------------------------------------
     0 | D:1      | JustSomeDude the Formicid Monk began the quest for the Orb.
     0 | D:1      | Reached XP level 1. HP: 18/18 MP: 1/1
   135 | D:1      | Reached XP level 2. HP: 16/24 MP: 2/2
   587 | D:4      | Found Haegarr's Weapon Boutique.
   667 | D:4      | You fall through a shaft!
   667 | D:5      | Entered Level 5 of the Dungeon
   711 | D:5      | Noticed Blork the orc
   718 | D:5      | You fall through a shaft!
   721 | D:6      | You fall through a shaft for 2 floors!
   730 | D:8      | Noticed an orc warrior
   757 | D:8      | You fall through a shaft!
   760 | D:9      | Noticed an eye of draining
   777 | D:8      | Noticed a sky beast
   777 | D:8      | Killed from afar by an orc priest

Vault maps used:
D:1:      minmay_arrival_plants_in_alcoves, minmay_misc_feat_rows,
          serial_bayou_pond_c, minmay_small_reverse_x
D:2:      lemuel_tele_altar, uniq_sigmund, uniq_crazy_yiuf_cottage
D:3:      st_stairs_9, minmay_randomly_rotated_circles, uniq_grinder
D:4:      serial_shops, shop
D:5:      first_bread, uniq_blork_the_orc
D:6:      serial_shops, shop, gup_sewer_entry_pipe
D:8:      uniq_maurice
D:9:      orc_0_dummy, serial_column_ruins, column_ruins_circle_large,
          column_ruins_square_small, column_ruins_corridor_T,
          column_ruins_grid_1, column_ruins_open_tiny,
          column_ruins_corridor_straight, column_ruins_grid_1,
          column_ruins_open_small

Skill      XL: |  1  2 |
---------------+-------+-----
Dodging        | 3 |  3.0
Fighting       | |  3.7
Polearms       | |  3.2
Stealth        | |  2.4

Action                   || total
-------------------------++-------
Melee: Spear             ||    72
 Abil: Shaft Self        ||     4
  Use: Potion            ||     3
  Eat: Chunk             ||     1
Armor: Robe              ||    10
       Ring mail         ||     6
       Skin              ||     4
Dodge: Dodged            ||    38
